 Dungeon Crawl Stone Soup version 0.31-a0-174-g85c54bcb58 (webtiles) character file.

Game seed: 1136907576372927941

376 qw the Shooter (level 6, -6/38 HPs)
             Began as a Gargoyle Hunter on June 15, 2023.
             Mangled by an iron imp (7 damage)
             ... summoned by Eustachio
             ... on level 3 of the Dungeon.
             The game lasted 00:01:48 (2731 turns).

qw the Shooter (Gargoyle Hunter)                    Turns: 2731, Time: 00:01:49

Health: -6/38      AC:  9    Str: 15    XL:     6   Next: 73%
Magic:  6/6        EV: 11    Int:  9    God:
Gold:   34         SH:  0    Dex: 15    Spells: 5/5 levels left

rFire   . . .        Y - +0 shortbow
rCold   . . .        (shield currently unavailable)
rNeg    + . .        g - +2 leather armour {rPois}
rPois   inf          (no helmet)
rElec   +            (no cloak)
rCorr   .            (no gloves)
SInv    .            (no boots)
Will    .....        (no amulet)
Stlth   ++           (no ring)
HPRegen 0.26/turn    (no ring)
MPRegen 0.10/turn

%: no passive effects
@: no status effects
A: sickness immunity, AC +4, negative energy resistance 1, electricity
resistance, torment resistance 1, petrification resistance
a: no special abilities


You were on level 3 of the Dungeon.
You visited 1 branch of the dungeon, and saw 4 of its levels.

You collected 116 gold pieces.
You spent 82 gold pieces at shops.


Innate Abilities, Weirdness & Mutations

You are immune to sickness and miasma.
Your stone body is resilient. (AC +4)
You are immune to poison.
You resist negative energy. (rN+)
You are resistant to electric shocks. (rElec)
You are resistant to unholy torment.
You are immune to petrification.


   Skills:
 - Level 4.3 Fighting
 + Level 6.8 Ranged Weapons
 - Level 1.2 Armour
 - Level 1.5 Dodging
 - Level 1.1 Stealth


You had 5 spell levels left.
You didn't know any spells.
Your spell library was empty.

Inventory:

Hand Weapons
 Y - a +0 shortbow (weapon)
Armour
 g - a +2 leather armour of poison resistance (worn)
Scrolls
 a - a scroll of enchant armour
 c - a scroll of identify
Potions
 d - 4 potions of curing
 e - 4 potions of attraction
 f - a potion of degeneration {unknown}

Dungeon Overview and Level Annotations

Branches:
Dungeon (4/15)
 Temple: D:4-7

Altars:
Makhleb

Shops:
D:2 [   D:3 :!*[

Annotations:
D:3 exclusion: 16 iron imps, Eustachio


Message History

You shoot an arrow.
The arrow hits the iron imp but does no damage.
The iron imp is lightly wounded.
Eustachio gestures wildly while chanting.
Eustachio blinks!
The ufetubus hits you but does no damage.
The ufetubus hits you. The rat bites you. The white imp barely misses you.
You shoot an arrow.
The arrow hits the iron imp but does no damage.
The iron imp is lightly wounded.
The ufetubus misses you. The ufetubus closely misses you.
The rat barely misses you. The iron imp barely misses you.
The ufetubus misses you.
The ufetubus hits you but does no damage.
The white imp barely misses you.
Eustachio mumbles some strange words.
Eustachio blinks!
You shoot an arrow.
The arrow completely misses the iron imp.
The ufetubus hits you but does no damage.
The ufetubus hits you. The rat bites you. The iron imp barely misses you.
The white imp hits you but does no damage.
The ufetubus hits you but does no damage.
The ufetubus hits you.
Eustachio casts a spell.
Eustachio blinks!
You shoot an arrow. The arrow barely misses Eustachio.
The rat bites you but does no damage. The ufetubus misses you.
The ufetubus hits you but does no damage.
The white imp barely misses you. The iron imp barely misses you.
Eustachio gestures wildly while chanting.
The ufetubus closely misses you. The ufetubus barely misses you.
The rat barely misses you.
You shoot an arrow. The arrow barely misses Eustachio.
The bat hits you but does no damage. The bat closely misses you.
The white imp gestures at you. The puff of frost hits you.
The ufetubus hits you but does no damage.
The ufetubus hits you. The iron imp hits you!
You die...

####....#############...#########
...'............................#
####....########.####...##.####.#
....................#.####.## #.#
###########...........# #..# #.#
#.......#.#....#.# #..# #.#
#.####..######...# #..###.#
#.####..##r@r###.####....#.# ####
#.##.#.##}b@5}##.#...\.....#
...###.##.#.#..55r..#.#....####.#
....##.##...#.<.}.../..##..####.#
..).........#.......#..##......).
.....####.#.##}.<.}###.########).
.....# #.#.###...## #.#...####..
%....####.#...##### #.#.#...##..
....##...#######.#####.#.###..#..
...###.#.# #.[.......# ##.#..


You could see Eustachio, an iron imp (summoned), a river rat (summoned), a white
imp (summoned), an ufetubus (summoned), a quokka (summoned), a bat (summoned)
and a rat (summoned).

Vanquished Creatures
  2 iron imps (D:3)
  Terence (D:2)
  Jessica (D:2)
  Ijyb (D:3)
  Natasha (thrice) (D:3)
  Robin (D:4)
  5 adders
  2 worms
  A dart slug (D:1)
  6 orcs
  7 ball pythons
  3 bats
  5 endoplasms
  11 giant cockroaches
  14 goblins
  11 hobgoblins
  6 jackals
  4 quokkas
  3 kobolds
  3 rats
90 creatures vanquished.

Notes
Turn   | Place    | Note
-------+----------+-------------------------------------------
     0 | D:1      | qw the Gargoyle Hunter began the quest for the Orb.
     0 | D:1      | Reached XP level 1. HP: 12/12 MP: 1/1
     0 | D:1      | 0 ||| qw: Version: 0.2-a-29-g511e9b1
     0 | D:1      | 0 ||| qw: Game counter: 5400
     0 | D:1      | 0 ||| qw: Always use a shield: true
     0 | D:1      | 0 ||| qw: God list: Okawaru
     0 | D:1      | 0 ||| qw: Allow faded altars: false
     0 | D:1      | 0 ||| qw: Do Orc after D:15 true
     0 | D:1      | 0 ||| qw: Do second Lair branch before Depths: true
     0 | D:1      | 0 ||| qw: Lair rune preference: random
     0 | D:1      | 0 ||| qw: Plans: Normal, Zot:1-4, Slime:5, God:TSO, Crypt,
                  | Tomb, Abyss, Pan, Hells, Win
     0 | D:1      | 0 ||| PLANNING D:1-11
   114 | D:1      | Found a faded altar of an unknown god.
   155 | D:1      | HP: 3/12 [ball python (1)]
   218 | D:1      | 218 ||| FLEEEEING.
   219 | D:1      | 219 ||| FLEEEEING.
   237 | D:1      | Reached XP level 2. HP: 17/17 MP: 2/2
   666 | D:1      | 666 ||| READING scroll labelled AFOGAS SIDESS.
   667 | D:1      | 667 ||| READING scroll labelled LAMUIR WINARI.
   668 | D:1      | 668 ||| READING scroll labelled VIPUXK ENETT.
   669 | D:1      | 669 ||| READING scroll labelled QUTACH EGASH.
   670 | D:1      | 670 ||| DROPPING scroll of butterflies.
   737 | D:2      | Reached XP level 3. HP: 21/21 MP: 3/3
   804 | D:2      | Reached skill level 5 in Ranged Weapons
   839 | D:2      | Found Wuko's Armour Boutique.
   846 | D:2      | 846 ||| SHOPLISTING +0 helmet "Udoheb" {Rampage rF- Str+6
                  | Dex+3} (327 gold, have 72).
   846 | D:2      | 846 ||| SHOPLISTING +2 cloak (231 gold, have 72).
   854 | D:2      | Found a burning altar of Makhleb.
   885 | D:2      | Noticed Terence
   897 | D:2      | Killed Terence
   898 | D:2      | Reached skill level 3 in Fighting
   898 | D:2      | Reached XP level 4. HP: 9/28 MP: 4/4
  1084 | D:2      | Noticed Jessica
  1087 | D:2      | Killed Jessica
  1181 | D:2      | 1181 ||| UPGRADING to +0 ring mail.
  1191 | D:2      | 1191 ||| DROPPING +0 leather armour.
  1192 | D:2      | 1192 ||| READING scroll labelled ROWNAEL ILA.
  1193 | D:2      | 1193 ||| READING scroll labelled CINAFU JIWU.
  1194 | D:2      | 1194 ||| DRINKING 2 white potions.
  1195 | D:2      | 1195 ||| DRINKING 2 sedimented dark potions.
  1196 | D:2      | 1196 ||| DRINKING 2 puce potions.
  1197 | D:2      | 1197 ||| DROPPING potion of brilliance.
  1226 | D:3      | 1226 ||| STAIRDANCE
  1242 | D:3      | Found Igithiq's Distillery.
  1255 | D:3      | 1255 ||| BUYING potion of attraction (30 gold).
  1255 | D:3      | Bought a potion of attraction for 30 gold pieces
  1255 | D:3      | 1255 ||| SHOPLISTING potion of cancellation (80 gold, have
                  | 52).
  1255 | D:3      | 1255 ||| BUYING potion of curing (30 gold).
  1255 | D:3      | Bought a potion of curing for 30 gold pieces
  1255 | D:3      | 1255 ||| SHOPLISTING potion of curing (30 gold, have 22).
  1255 | D:3      | 1255 ||| SHOPLISTING potion of heal wounds (50 gold, have
                  | 22).
  1255 | D:3      | 1255 ||| SHOPLISTING potion of lignification (30 gold, have
                  | 22).
  1282 | D:3      | Found Ovuump's Antique Armour Shop.
  1287 | D:3      | 1287 ||| SHOPLISTING cloak (81 gold, have 22).
  1287 | D:3      | 1287 ||| SHOPLISTING distressingly furry leather armour
                  | (126 gold, have 22).
  1287 | D:3      | 1287 ||| SHOPLISTING helmet (81 gold, have 22).
  1329 | D:3      | Reached skill level 1 in Armour
  1329 | D:3      | Reached XP level 5. HP: 32/32 MP: 5/5
  1375 | D:3      | Found Sogheur's General Store.
  1389 | D:3      | 1389 ||| SHOPLISTING +3 ring mail of cold resistance (286
                  | gold, have 22).
  1389 | D:3      | 1389 ||| BUYING scroll of identify (22 gold).
  1389 | D:3      | Bought a scroll of identify for 22 gold pieces
  1572 | D:3      | Found a burning altar of Makhleb.
  1574 | D:3      | Noticed Ijyb
  1579 | D:3      | 1579 ||| FLEEEEING.
  1592 | D:3      | HP: 5/32 [constriction (4)]
  1593 | D:3      | 1593 ||| DRINKING 3 potions of heal wounds.
  1603 | D:3      | 1603 ||| FLEEEEING.
  1628 | D:3      | Reached skill level 6 in Ranged Weapons
  1628 | D:3      | 1628 ||| FLEEEEING.
  1629 | D:3      | 1629 ||| FLEEEEING.
  1630 | D:3      | 1630 ||| FLEEEEING.
  1631 | D:3      | 1631 ||| FLEEEEING.
  1632 | D:3      | 1632 ||| FLEEEEING.
  1634 | D:3      | 1634 ||| FLEEEEING.
  1637 | D:3      | 1637 ||| FLEEEEING.
  1638 | D:3      | 1638 ||| FLEEEEING.
  1639 | D:3      | 1639 ||| FLEEEEING.
  1640 | D:3      | 1640 ||| FLEEEEING.
  1641 | D:3      | 1641 ||| FLEEEEING.
  1642 | D:3      | 1642 ||| FLEEEEING.
  1643 | D:3      | 1643 ||| FLEEEEING.
  1644 | D:3      | 1644 ||| FLEEEEING.
  1645 | D:3      | 1645 ||| FLEEEEING.
  1646 | D:3      | 1646 ||| FLEEEEING.
  1647 | D:3      | 1647 ||| FLEEEEING.
  1728 | D:3      | Noticed Natasha
  1732 | D:3      | Killed Natasha
  1733 | D:3      | Reached XP level 6. HP: 38/38 MP: 6/6
  1851 | D:3      | Found Caiciog's Book Emporium.
  2034 | D:3      | 2034 ||| FLEEEEING.
  2035 | D:3      | 2035 ||| FLEEEEING.
  2036 | D:3      | 2036 ||| FLEEEEING.
  2037 | D:3      | 2037 ||| FLEEEEING.
  2038 | D:3      | 2038 ||| FLEEEEING.
  2039 | D:3      | 2039 ||| FLEEEEING.
  2040 | D:3      | 2040 ||| FLEEEEING.
  2253 | D:3      | Noticed Natasha
  2256 | D:3      | Killed Natasha
  2281 | D:3      | Noticed Natasha
  2282 | D:3      | 2282 ||| FLEEEEING.
  2283 | D:3      | 2283 ||| FLEEEEING.
  2284 | D:3      | 2284 ||| FLEEEEING.
  2285 | D:3      | 2285 ||| FLEEEEING.
  2286 | D:3      | 2286 ||| FLEEEEING.
  2287 | D:3      | 2287 ||| FLEEEEING.
  2290 | D:3      | 2290 ||| FLEEEEING.
  2291 | D:3      | 2291 ||| FLEEEEING.
  2292 | D:3      | 2292 ||| FLEEEEING.
  2293 | D:3      | 2293 ||| FLEEEEING.
  2294 | D:3      | 2294 ||| FLEEEEING.
  2295 | D:3      | 2295 ||| FLEEEEING.
  2296 | D:3      | 2296 ||| FLEEEEING.
  2301 | D:3      | 2301 ||| STAIRDANCE
  2334 | D:3      | Killed Natasha
  2352 | D:3      | Killed Ijyb
  2450 | D:3      | 2450 ||| UPGRADING to +2 leather armour of poison
                  | resistance.
  2460 | D:3      | 2460 ||| DROPPING +0 ring mail.
  2547 | D:4      | Noticed Robin
  2560 | D:4      | HP: 9/38 [goblin/+0 dagger[Robin] (3)]
  2561 | D:4      | 2561 ||| DRINKING 2 potions of heal wounds.
  2566 | D:4      | HP: 9/38 [hobgoblin[Robin] (4)]
  2567 | D:4      | 2567 ||| DRINKING potion of heal wounds.
  2575 | D:4      | HP: 7/38 [goblin/+0 dagger[Robin] (3)]
  2584 | D:4      | HP: 6/38 [Robin/+0 spear (2)]
  2591 | D:4      | Killed Robin
  2614 | D:4      | 2614 ||| FLEEEEING.
  2675 | D:4      | Noticed Eustachio
  2676 | D:4      | 2676 ||| FLEEEEING.
  2677 | D:4      | 2677 ||| FLEEEEING.
  2678 | D:4      | 2678 ||| FLEEEEING.
  2679 | D:4      | 2679 ||| STAIRDANCE
  2713 | D:4      | 2713 ||| STAIRDANCE
  2729 | D:3      | HP: 9/38 [rat[Eustachio] (1)]
  2731 | D:3      | HP: 2/38 [white imp/puff of frost[Eustachio] (4)]
  2731 | D:3      | Mangled by an iron imp

Levels and vault maps discovered:
D:1:      dpeg_arrival_lava_temple_mockup, layout_loops_cross,
          shapermc_ecumenical_altar_flowoftime
D:2:      layout_basic, serial_shops,
          nicolae_shop_temple_entry_statues_fountains, basic_altar,
          uniq_jessica, uniq_terence
D:3:      minmay_roachtagon, layout_basic, demons_altar, serial_shops,
          nicolae_shop_hallway_stairs, nicolae_square_shop,
          nicolae_shop_just_a_little_nook, nicolae_shop_just_a_little_nook,
          grunt_ministairs_7, uniq_natasha, uniq_ijyb
D:4:      layout_loops_cross, mainiacjoe_overflow_catwalk,
          mainiacjoe_overflow_cross_hatched, minmay_splitting_lines,
          amcnicky_mini_pool_small, uniq_robin, uniq_eustachio

Skill      XL: |  1  2  3  4  5 |
---------------+----------------+-----
Ranged Weapons | 5 6 |  6.8
Fighting       | 3 4 |  4.3
Armour         | 1 |  1.2
Dodging        | |  1.5
Stealth        | |  1.1

Action                     |  1- 3 |  4- 6 || total
---------------------------+-------+-------++-------
  Melee: Unarmed           |       |    22 ||    22
   Fire: Shortbow          |    94 |   248 ||   342
    Use: Scroll            |     4 |     2 ||     6
         Potion            |       |     6 ||     6
 Armour: Leather armour    |    12 |    90 ||   102
         Ring mail         |       |    30 ||    30
         Skin              |       |     2 ||     2
  Dodge: Dodged            |    22 |   177 ||   199

Table legend:
 A = Non-vault XP
 B = Vault XP
 C = Vault XP percentage of total XP
 D = Non-vault monster count
 E = Vault monster count
 F = Vault count percentage of total count
                 A         B        C        D         E       F
            +---------+---------+-------+---------+---------+-------
      Total |     257 |     281 |  52.2 |      62 |      28 |  31.1
            +---------+---------+-------+---------+---------+-------
        D:1 |      27 |       0 |   0.0 |      14 |       0 |   0.0
        D:2 |      40 |      77 |  65.8 |      13 |       3 |  18.8
        D:3 |     174 |     170 |  49.4 |      27 |      14 |  34.1
        D:4 |      16 |      34 |  68.0 |       8 |      11 |  57.9
            +---------+---------+-------+---------+---------+-------
